 Dungeon Crawl Stone Soup version 0.24-a0-93-ge1bfdf8 (webtiles) character file.

Game seed: 4063670258976839655

2944 Ouchy the Grappler (level 9, -2/74 HPs)
             Began as a Pale Draconian Monk on Feb 10, 2019.
             Was a Believer of Fedhas.
             Slain by an unseen horror (7 damage)
             ... on level 7 of the Dungeon.
             The game lasted 00:17:21 (8347 turns).

Ouchy the Grappler (Pale Draconian Monk)            Turns: 8347, Time: 00:17:22

Health: -2/74      AC:  7    Str: 20    XL:     9   Next: 51%
Magic:  13/13      EV: 11    Int: 14    God:    Fedhas [**....]
Gold:   314        SH:  9    Dex: 14    Spells: 11/13 levels left

rFire    . . .     SeeInvis +     - Unarmed
rCold    . . .     Gourm    +   d - +0 shield
rNeg     . . .     Faith    .   (armour unavailable)
rPois    .         Spirit   .   (helmet restricted)
rElec    .         Reflect  .   (no cloak)
rCorr    .         Harm     .   (no gloves)
MR       .....                  (no boots)
Stlth    +++.......             C - amulet of the gourmand
HPRegen  0.22/turn              p - ring of see invisible
MPRegen  0.13/turn              v - +2 ring of intelligence

@: mighty
A: breathe steam, unfitting armour, cold-blooded, AC +7
a: Breathe Steam, Fungal Bloom, Sunlight, Evolution, Renounce Religion


You were on level 7 of the Dungeon.
You worshipped Fedhas.
Fedhas was pleased with you.
You were completely stuffed.

You visited 2 branches of the dungeon, and saw 8 of its levels.

You collected 314 gold pieces.

Inventory:

Missiles
 e - 211 stones (quivered)
 o - 3 tomahawks
 E - 2 throwing nets
Armour
 d - a +0 shield (worn)
Magical Staves
 w - an uncursed staff of energy
Jewellery
 p - a ring of see invisible (left hand)
 q - an uncursed ring of fire
 v - a +2 ring of intelligence (right hand)
 B - an uncursed ring of protection from cold {unknown}
 C - an amulet of the gourmand (around neck)
Scrolls
 b - 7 scrolls of remove curse
 f - 3 scrolls of fog {unknown}
 g - 4 scrolls of enchant weapon {unknown}
 i - 4 scrolls of teleportation {unknown}
 j - a scroll of random uselessness {unknown}
 l - a scroll of enchant armour {unknown}
 s - a scroll of immolation {unknown}
 u - 4 scrolls of amnesia {unknown}
 y - 2 scrolls of magic mapping {unknown}
 D - a scroll of torment {unknown}
Potions
 c - 2 potions of berserk rage
 h - a potion of might
 k - a potion of brilliance {unknown}
 m - 3 potions of flight
 n - 3 potions of curing
 r - 3 potions of cancellation
 t - a potion of mutation {unknown}
 x - 2 potions of magic {unknown}
 z - 2 potions of heal wounds {unknown}
 A - a potion of degeneration {unknown}
Comestibles
 a - 22 rations
 F - 7 chunks of flesh


   Skills:
 + Level 5.3 Fighting
 - Level 3.4 Dodging
 - Level 4.4 Stealth
 * Level 2.6 Shields
 + Level 10.7 Unarmed Combat
 - Level 2.7 Spellcasting
 - Level 3.0 Translocations


You had 11 spell levels left.
You knew the following spells:

 Your Spells              Type           Power        Failure   Level  Hunger
a - Blink                 Tloc           N/A          43%         2    ###....

Your spell library contained the following spells:

 Spells                   Type           Power        Failure   Level  Hunger
 Corona                   Hex            #......      73%         1    #......
 Magic Dart               Conj           #...         73%         1    #......
 Sting                    Conj/Pois      #...         73%         1    #......
 Call Imp                 Summ           #.......     86%         2    ###....
 Ensorcelled Hibernation  Hex/Ice        #.....       86%         2    ###....
 Poisonous Vapours        Pois/Air       #.....       86%         2    ###....
 Slow                     Hex            #.......     86%         2    ###....
 Confuse                  Hex            #.......     97%         3    ###....
 Conjure Flame            Conj/Fire      #.......     97%         3    ###....
 Dazzling Spray           Conj/Hex       #.....       97%         3    ###....
 Mephitic Cloud           Conj/Pois/Air  #.......     97%         3    ###....
 Tukima's Dance           Hex            #.......     97%         3    ###....
 Olgreb's Toxic Radiance  Pois           #.......     100%        4    #####..
 Venom Bolt               Conj/Pois      #.........   100%        5    ######.


Dungeon Overview and Level Annotations

Branches:
Dungeon (7/15)             Temple (1/1) D:7

Altars:
Ashenzari
Cheibriados
Dithmenos
Elyvilon
Fedhas
Gozag
Hepliaklqana
Kikubaaqudgha
Makhleb
Nemelex Xobeh
Okawaru
Qazlal
Ru
Sif Muna
Trog
Uskayaw
Vehumet
Zin
The Shining One

Shops:
D:4 *(

Annotations:
D:3 1 runed translucent door, exclusion: downstairs, pidr's ghost, amateur SpAs


Innate Abilities, Weirdness & Mutations

You can breathe blasts of scalding, opaque steam.
Your pale cyan-grey scales are hard. (AC +7)
You cannot fit into any form of body armour.
You are cold-blooded and may be slowed by cold attacks.


Message History

You block the six-headed hydra's attack.
The six-headed hydra bites you! x3
* * * LOW HITPOINT WARNING * * *
Unknown command.
You block the unseen horror's attack. The unseen horror closely misses you.
The unseen horror hits you.
* * * LOW HITPOINT WARNING * * *
The unseen horror hits you but does no damage.
The unseen horror hits you.
* * * LOW HITPOINT WARNING * * *
The unseen horror closely misses you. The unseen horror hits you.
* * * LOW HITPOINT WARNING * * *
The unseen horror closely misses you. The unseen horror hits you!
* * * LOW HITPOINT WARNING * * *
There is a stone staircase leading up, spattered with blood here.
The unseen horror hits you!
You die...
Fedhas appreciates your contribution to the ecosystem.

.#####.#####..##.................
.###.....###.....................
.##.......##....######...........
.#...#.#...#....'....#...........
.#..##.##..#....#....#...........
......#.........#....+..........#
.#..##.##..#....######..........#
.#...#.#...#....x...............#
.##.......##..D.@...............'
.###.....###..............#######
## ###.### #####.#####....# # #
.# #.#.# ##...## #.#####8. 8 .#
#.#.#.# ##.....###....##.. .
.##.##.##.###...#...##....#_.. .
##.# [}) #.#...###...#....##.. .
..# .=#). #...## ##.......##8. 8
##.##" )##.#...###)..#....# # #


You could see a six-headed hydra and an unseen horror (invisible).

Vanquished Creatures
  Pikel (D:3)
  2 sky beasts
  A black bear (D:6)
  2 ice beasts (D:7)
  5 ogres
  A centaur (D:7)
  2 necrophages
  4 bullfrogs
  2 water moccasin zombies (D:7)
  3 scorpions
  4 crimson imps
  An orc priest (D:5)
  2 hounds
  2 centaur skeletons
  3 orc wizards
  3 bullfrog skeletons
  An iguana (D:5)
  Natasha (thrice) (D:2)
  4 worker ants
  A hound zombie (D:6)
  Robin (D:2)
  A gnoll (D:1)
  10 adders
  An ooze (D:4)
  2 dart slugs (D:3)
  6 leopard geckos
  10 orcs
  5 bats
  3 giant cockroaches
  13 goblins
  11 hobgoblins
  4 jackals (D:4)
  2 quokkas
  6 frilled lizards
  A giant cockroach zombie (D:5)
  5 kobolds
  A leopard gecko skeleton (D:4)
  A leopard gecko zombie (D:5)
  6 rats (D:1)
136 creatures vanquished.

Vanquished Creatures (others)
  2 slaves (D:4)
  An ogre (D:4)
  5 orcs (D:4)
8 creatures vanquished.

Grand Total: 144 creatures vanquished

Notes
Turn   | Place    | Note
-------+----------+-------------------------------------------
     0 | D:1      | Ouchy the Draconian Monk began the quest for the Orb.
     0 | D:1      | Reached XP level 1. HP: 19/19 MP: 1/1
   101 | D:1      | Reached XP level 2. HP: 19/26 MP: 2/2
  1002 | D:1      | Reached XP level 3. HP: 33/33 MP: 3/3
  1455 | D:2      | Found a burning altar of Makhleb.
  1462 | D:2      | Found a hide-covered altar of Uskayaw.
  1489 | D:2      | Noticed Natasha
  1560 | D:2      | Found a glowing golden altar of the Shining One.
  1625 | D:2      | Killed Natasha
  1625 | D:2      | Reached XP level 4. HP: 21/40 MP: 4/4
  1780 | D:2      | Noticed Natasha
  1782 | D:2      | Noticed Robin
  1923 | D:1      | Reached skill level 4 in Unarmed Combat
  2113 | D:2      | Killed Natasha
  2457 | D:2      | Killed Robin
  2594 | D:2      | Noticed Natasha
  2676 | D:2      | Killed Natasha
  2676 | D:2      | Reached XP level 5. HP: 15/46 MP: 5/5
  2916 | D:2      | Found a sacrificial altar of Ru.
  2976 | D:2      | Found a sparkling altar of Nemelex Xobeh.
  2977 | D:2      | Found an opulent altar of Gozag.
  3420 | D:3      | Found a snail-covered altar of Cheibriados.
  3455 | D:3      | Reached skill level 5 in Unarmed Combat
  3555 | D:3      | Noticed pidr's ghost (amateur SpAs)
  3556 | D:3      | Found a runed translucent door.
  3874 | D:4      | Noticed an ogre
  3893 | D:3      | Killed an ogre
  3893 | D:3      | Reached XP level 6. HP: 29/52 MP: 6/6
  4036 | D:4      | Found Xichaub's Antique Weapon Boutique.
  4071 | D:4      | Noticed a slave
  4071 | D:4      | Noticed a slave
  4074 | D:4      | Noticed a slave
  4173 | D:4      | Noticed Pikel
  4178 | D:4      | Noticed a slave
  4398 | D:3      | Killed Pikel
  4398 | D:3      | Reached skill level 7 in Unarmed Combat
  4398 | D:3      | Your scales start taking on a pale cyan-grey colour.
  4398 | D:3      | Reached XP level 7. HP: 20/60 MP: 7/7
  4728 | D:4      | Killed a freed slave
  4768 | D:4      | Learned a level 2 spell: Blink
  4881 | D:4      | Found Usmeh's Assorted Antiques.
  5134 | D:5      | Entered Level 5 of the Dungeon
  5151 | D:5      | Found a radiant altar of Vehumet.
  5200 | D:5      | Reached XP level 8. HP: 67/67 MP: 8/8
  5268 | D:5      | Reached skill level 8 in Unarmed Combat
  5268 | D:5      | Reached skill level 1 in Spellcasting
  5268 | D:5      | Reached skill level 1 in Translocations
  6165 | D:6      | Reached skill level 9 in Unarmed Combat
  6735 | D:6      | Found Bosm's Assorted Antiques.
  6857 | D:7      | Reached skill level 5 in Fighting
  6892 | D:7      | Found an iron altar of Okawaru.
  6904 | D:7      | Reached XP level 9. HP: 39/74 MP: 12/12
  7110 | D:7      | Found a staircase to the Ecumenical Temple.
  7141 | Temple   | Entered the Ecumenical Temple
  7201 | Temple   | Became a worshipper of Fedhas Madash
  7201 | Temple   | Reached * piety under Fedhas
  7201 | Temple   | Reached ** piety under Fedhas
  7357 | D:7      | Reached skill level 1 in Shields
  7578 | D:7      | Reached skill level 10 in Unarmed Combat
  8325 | D:7      | Noticed an unseen horror
  8326 | D:7      | Noticed a six-headed hydra
  8347 | D:7      | Slain by an unseen horror

Levels and vault maps discovered:
D:1:      dpeg_arrival_rooms_b, layout_loops_ring
D:2:      layout_rooms, old_standard_altar, tso_metal_star,
          grunt_temple_overflow_opulence, amethyst_overflow_temple_binary,
          serial_park_tiny_pond, hangedman_feature_mirror, uniq_robin,
          uniq_natasha
D:3:      layout_loops_cross, kennysheep_slug_shrine, first_ration,
          hellmonk_ghost_happy_afterlife, hangedman_abyss_or_decor_lesser_grid
D:4:      layout_cave_pools, serial_shops, nicolae_shop_crystal, shop_fountains,
          minmay_unequal, uniq_pikel
D:5:      layout_loops_corners, fiery_altar_vehumet
D:6:      layout_basic, serial_shops, nicolae_shop_behind_doors,
          kennysheep_generic_room_7
D:7:      minmay_the_grid_plus [minmay_the_grid_broken_lines,
          minmay_the_grid_plusring, minmay_the_grid_minigrid_small_alt,
          minmay_the_grid_outer_diamond, minmay_the_grid_prize_diamond_cup],
          layout_gridville, nicolae_overflow_hidden_temple,
          yredelemnul_altar_generic, minmay_temple_entry_trees, grunt_ogre_cave,
          uniq_duvessa
Temple:   zaba_magenta_temple

Skill      XL: |  1  2  3  4  5  6  7  8  9 |
---------------+----------------------------+-----
Dodging        | 3 |  3.4
Stealth        | 2 3 4 |  4.4
Unarmed Combat | 4 5 7 9 10 | 10.7
Fighting       | 4 5 |  5.3
Spellcasting   | 2 |  2.7
Translocations | 2 3 |  3.0
Shields        | 2 |  2.6

Action                   |  1- 3 |  4- 6 |  7- 9 || total
-------------------------+-------+-------+-------++-------
Melee: Unarmed           |    87 |   217 |   307 ||   611
       Tailslap          |    10 |    22 |    46 ||    78
       Punch             |       |     3 |    13 ||    16
 Abil: Breathe Steam     |       |       |     1 ||     1
  Use: Scroll            |       |       |     6 ||     6
       Potion            |       |       |     1 ||     1
 Stab: Sleeping          |     6 |     4 |    14 ||    24
       Distracted        |       |     1 |     3 ||     4
  Eat: Chunk             |     2 |     9 |    25 ||    36
Armor: Skin              |    14 |    45 |    71 ||   130
Dodge: Dodged            |    44 |   136 |   131 ||   311
Block: Shield            |       |       |    41 ||    41

Table legend:
 A = Non-vault XP
 B = Vault XP
 C = Vault XP percentage of total XP
 D = Non-vault monster count
 E = Vault monster count
 F = Vault count percentage of total count
                 A         B        C        D         E       F
            +---------+---------+-------+---------+---------+-------
      Total |    2684 |    1522 |  36.2 |     106 |      30 |  22.1
            +---------+---------+-------+---------+---------+-------
        D:1 |      42 |      24 |  36.4 |      21 |      12 |  36.4
        D:2 |      85 |      72 |  45.9 |      11 |       7 |  38.9
        D:3 |     211 |     655 |  75.6 |      13 |       2 |  13.3
        D:4 |     277 |       0 |   0.0 |      17 |       0 |   0.0
        D:5 |     590 |       0 |   0.0 |      20 |       0 |   0.0
        D:6 |     641 |       0 |   0.0 |      11 |       0 |   0.0
        D:7 |     838 |     771 |  47.9 |      13 |       9 |  40.9
            +---------+---------+-------+---------+---------+-------
